 Dungeon Crawl Stone Soup version 0.27-a0-909-g0721f309d1 (webtiles) character file.

Game seed: 7590588743385927523

1442 Lanoc the Chucker (level 8, -3/83 HPs)
             Began as an Ogre Hunter on Apr 8, 2021.
             Was a Priest of Elyvilon.
             Slain by an orc
             ... wielding a +2 dagger of electrocution
              (16 damage)
             ... on level 5 of the Dungeon.
             The game lasted 00:09:27 (7737 turns).

Lanoc the Chucker (Ogre Hunter)                     Turns: 7737, Time: 00:09:27

Health: -3/83      AC:  3    Str: 23    XL:     8   Next: 74%
Magic:  12/12      EV: 11    Int: 12    God:    Elyvilon [***...]
Gold:   231        SH:  5    Dex: 11    Spells: 7/7 levels left

rFire    . . .     SeeInvis .   h - +1 dagger (venom)
rCold    + . .     Faith    .   (no shield)
rNeg     . . .     Spirit   .   b - +0 robe
rPois    .         Reflect  +   (helmet restricted)
rElec    .         Harm     .   (no cloak)
rCorr    .         Rampage  .   (gloves unavailable)
Will     .....                  (boots unavailable)
Stlth    +.........             g - amulet of reflection
HPRegen  0.23/turn              u - +6 ring of strength
MPRegen  0.13/turn              k - ring of protection from cold

@: no status effects
A: large, unfitting armour, tough skin 1
a: Renounce Religion, Lesser Healing, Heal Other, Purification, Divine
Protection


You were on level 5 of the Dungeon.
You worshipped Elyvilon.
Elyvilon was most pleased with you.
You visited 1 branch of the dungeon, and saw 5 of its levels.

You collected 231 gold pieces.

Inventory:

Hand Weapons
 h - a +1 dagger of venom (weapon)
Missiles
 d - 2 throwing nets (quivered)
 i - 4 curare-tipped darts
Armour
 b - a +0 robe (worn)
 o - a +0 tower shield
Jewellery
 a - a ring of positive energy
 g - an amulet of reflection (around neck)
 k - a ring of protection from cold (right hand)
 u - a +6 ring of strength (left hand)
Scrolls
 e - 2 scrolls of enchant weapon {unknown}
 j - 2 scrolls of holy word {unknown}
 l - 2 scrolls of blinking {unknown}
 n - a scroll of magic mapping {unknown}
 p - 2 scrolls of identify {unknown}
 q - a scroll of vulnerability {unknown}
 r - a scroll of teleportation {unknown}
Potions
 f - a potion of ambrosia
 m - a potion of lignification {unknown}
 s - a potion of curing {unknown}
 t - 6 potions of heal wounds {unknown}
 v - a potion of experience {unknown}


   Skills:
 + Level 6.1 Fighting
 * Level 7.3 Throwing
 + Level 4.2 Dodging
 - Level 0.6 Stealth
 * Level 6.4 Invocations


You had 7 spell levels left.
You didn't know any spells.
Your spell library contained the following spells:

 Spells                   Type           Power      Damage    Failure   Level
 Magic Dart               Conj           0%         1d3       32%         1
 Blink                    Tloc           N/A        N/A       45%         2
 Call Imp                 Summ           0%         N/A       45%         2
 Searing Ray              Conj           0%         3d3       45%         2
 Slow                     Hex            0%         N/A       45%         2
 Conjure Flame            Conj/Fire      0%         6-21      69%         3
 Dazzling Flash           Conj/Hex       0%         N/A       69%         3
 Mephitic Cloud           Conj/Pois/Air  0%         N/A       69%         3
 Fulminant Prism          Conj/Hex       0%         3d6       97%         4
 Iskenderun's Mystic Bla  Conj/Tloc      0%         2d3       97%         4


Dungeon Overview and Level Annotations

Branches:
Dungeon (5/15)
 Temple: D:4-7

Altars:
Elyvilon
Makhleb
Nemelex Xobeh
Vehumet
Zin


Innate Abilities, Weirdness & Mutations

You are too large for most types of armour.
You have tough skin. (AC +1)


Message History

You throw a large rock. The large rock hits the orc warrior!!
The orc warrior is severely wounded.
You block the orc warrior's attack.
You hit the orc warrior.
The orc warrior is almost dead.
The orc warrior hits you with a +0 short sword!
* * * LOW HITPOINT WARNING * * *
Things that are here:
a +0 hand axe; a +0 plate armour; an orc corpse You kill the orc warrior!
Items here: ( )) [ †.
You are healed.
You closely miss the orc.
The orc hits you with a +1 flail of holy wrath.
* * * LOW HITPOINT WARNING * * *
You hit the orc.
The orc is poisoned.
The orc is moderately wounded.
The orc hits you with a +1 flail of holy wrath!
* * * LOW HITPOINT WARNING * * *
You are healed.
You kill the orc!
Things that are here:
a +1 flail of holy wrath; an orc corpse You start resting.
Magic restored.
You start resting.
An orc is nearby!
You hit the orc.
The orc is heavily wounded.
You block the orc's attack.
You closely miss the orc.
The orc is heavily wounded.
The orc hits you with a +2 dagger of electrocution.
* * * LOW HITPOINT WARNING * * *
You hit the orc.
The orc is almost dead.
The orc hits you with a +2 dagger of electrocution.
* * * LOW HITPOINT WARNING * * *
You are electrocuted!
You die...

##...## #.....# ......#
### ...#.##### ##.##
..##..##.## #...#
..(.......# #...#
..........####.##
...###..........##
#.###...........@#
..###....(.....o#####
..##....#..)##)))()(#
........###).)####'##
##......##....###...##
#.###..#.....##8...8#
#..#.........##.....#
##.........#..#......=#
.<..##.##.##..#.8...8.#


You could see an orc.

Vanquished Creatures
  A steam dragon (D:3)
  2 orc warriors (D:5)
  2 ogres (D:4)
  A centaur (D:5)
  A bullfrog (D:5)
  A scorpion (D:4)
  A water moccasin skeleton (D:5)
  A howler monkey (D:4)
  A crimson imp (D:3)
  3 hounds
  2 orc priests
  3 bullfrog skeletons (D:5)
  Terence (D:2)
  Natasha (thrice) (D:3)
  An iguana (D:5)
  4 orc wizards
  6 adders
  A white imp (D:5)
  6 worms
  6 dart slugs
  16 orcs
  4 ball pythons
  7 bats
  4 endoplasms
  2 giant cockroaches (D:1)
  11 goblins
  4 hobgoblins
  5 jackals
  5 kobolds
  3 quokkas (D:4)
  3 frilled lizards
  3 rats
114 creatures vanquished.

Vanquished Creatures (others)
  A quokka (D:3)
  5 plants (D:3)
6 creatures vanquished.

Grand Total: 120 creatures vanquished

Notes
Turn   | Place    | Note
-------+----------+-------------------------------------------
     0 | D:1      | Lanoc the Ogre Hunter began the quest for the Orb.
     0 | D:1      | Reached XP level 1. HP: 22/22 MP: 1/1
   351 | D:1      | Reached XP level 2. HP: 29/29 MP: 2/2
   420 | D:1      | Found a faded altar of an unknown god.
   424 | D:1      | Became a worshipper of Elyvilon the Healer
   424 | D:1      | Reached * piety under Elyvilon
   955 | D:2      | Reached XP level 3. HP: 37/37 MP: 3/3
   975 | D:2      | Reached skill level 1 in Invocations
  1664 | D:2      | Reached ** piety under Elyvilon
  1668 | D:2      | Noticed Terence
  1683 | D:2      | Killed Terence
  1684 | D:2      | Reached XP level 4. HP: 31/45 MP: 5/5
  2078 | D:3      | Noticed Natasha
  2097 | D:3      | Killed Natasha
  2098 | D:3      | Reached XP level 5. HP: 21/54 MP: 6/6
  2243 | D:3      | Noticed a steam dragon
  2258 | D:3      | Elyvilon protects you from harm!
  2485 | D:3      | HP: 1/54 [steam dragon/ball of steam (22)]
  2488 | D:3      | Killed a steam dragon
  2489 | D:3      | Reached skill level 5 in Throwing
  2489 | D:3      | Reached XP level 6. HP: 2/62 MP: 6/8
  3356 | D:3      | Noticed Natasha
  3527 | D:3      | Killed Natasha
  3586 | D:3      | Noticed Natasha
  3597 | D:3      | Killed Natasha
  4092 | D:3      | Found a radiant altar of Vehumet.
  4092 | D:3      | Found a burning altar of Makhleb.
  4407 | D:4      | Found a sparkling altar of Nemelex Xobeh.
  4511 | D:4      | Reached XP level 7. HP: 62/71 MP: 10/10
  4678 | D:4      | Reached *** piety under Elyvilon
  4767 | D:4      | Reached skill level 6 in Throwing
  5244 | D:4      | Reached skill level 5 in Fighting
  5742 | D:4      | Found a glowing silver altar of Zin.
  5767 | D:5      | Entered Level 5 of the Dungeon
  5793 | D:4      | Reached skill level 5 in Invocations
  6006 | D:5      | Reached XP level 8. HP: 43/80 MP: 11/11
  6300 | D:5      | Found a runed translucent door.
  7039 | D:5      | Reached **** piety under Elyvilon
  7139 | D:5      | Reached skill level 7 in Throwing
  7737 | D:5      | Slain by an orc

Illustrated notes

Levels and vault maps discovered:
D:1:      denvon_arrival_hothouse, layout_basic,
          chequers_ecumenical_altar_simple_redux, amcnicky_mini_pool_small
D:2:      layout_loops_cross, uniq_terence
D:3:      layout_loops_cross, grunt_temple_overflow_lords_of_destruction,
          serial_bayou_crossing, uniq_natasha
D:4:      layout_basic, nicolae_overflow_hidden_temple
D:5:      layout_cave_pools, lightli_church_of_beogh

Skill      XL: |  1  2  3  4  5  6  7  8 |
---------------+-------------------------+-----
Fighting       | 3 4 5 6 |  6.1
Dodging        | 2 3 4 |  4.2
Invocations    | 1 2 3 4 5 6 |  6.4
Throwing       | 5 6 7 |  7.3
Stealth        | |  0.6

Action                   |  1- 3 |  4- 6 |  7- 9 || total
-------------------------+-------+-------+-------++-------
Melee: Short sword       |   126 |       |       ||   126
       Dagger            |    14 |   203 |   230 ||   447
Throw: Large rock        |     1 |    11 |     5 ||    17
       Dart              |       |     8 |       ||     8
       Throwing net      |       |     4 |       ||     4
Invok: Lesser Healing    |       |       |     2 ||     2
       Greater Healing   |       |       |     1 ||     1
  Use: Potion            |       |       |     2 ||     2
 Stab: Sleeping          |       |     3 |       ||     3
Armor: Robe              |    62 |    28 |    43 ||   133
Dodge: Dodged            |    89 |    71 |    83 ||   243
Block: Other             |    10 |    36 |    52 ||    98
       Reflection        |       |       |     1 ||     1

Table legend: (Time is in decaauts)
 A = Elapsed time spent in this place.
 B = Non-inter-level travel time spent in this place.
 C = Inter-level travel time spent in this place.
 D = Time resting spent in this place.
 E = Time spent auto-exploring this place.
 F = Levels seen in this place.
 G = Mean time per level.
                   A        B        C        D        E       F      G
               +--------+--------+--------+--------+--------+-----+--------+
         Total |   7778 |   7648 |    130 |    437 |   6154 |   5 | 1555.6 |
       Dungeon |   7778 |   7648 |    130 |    437 |   6154 |   5 | 1555.6 |
               +--------+--------+--------+--------+--------+-----+--------+

Top non-repeatable levels by time:
     D:3: 2152 daAuts
     D:5: 1759 daAuts
     D:4: 1584 daAuts
     D:2: 1350 daAuts
     D:1: 931 daAuts
